 Dungeon Crawl Stone Soup version 0.29.1-2-gbd0b4ee654 (webtiles) character file.

Game seed: 8060825635805330014

1901 KittyFluff the Cudgeller (level 9, 0/82 HPs)
             Began as a Gargoyle Berserker on Nov 13, 2022.
             Was an Elder of Trog.
             Slain by a gnoll sergeant
             ... wielding a +0 spear
              (7 damage)
             ... on level 7 of the Dungeon.
             The game lasted 00:31:40 (7514 turns).

KittyFluff the Cudgeller (Gargoyle Berserker)       Turns: 7514, Time: 00:31:43

Health: 0/82       AC: 22    Str: 22    XL:     9   Next: 15%
Magic:  2/9        EV: 13    Int:  7    God:    Trog [****..]
Gold:   286        SH:  0    Dex: 13    Spells: 8/8 levels left

rFire   . . .      SeeInvis +   f - +3 quarterstaff (chaos)
rCold   . . .      Faith    .   (shield currently unavailable)
rNeg    + . .      Spirit   .   v - +0 leather armour
rPois   ∞          Reflect  .   (no helmet)
rElec   +          Harm     .   F - +2 cloak {Stlth+}
rCorr   .          Rampage  .   p - +2 pair of gloves {infuse}
Will    .....                   D - +0 pair of boots
Stlth   ..........              (no amulet)
HPRegen 0.23/turn               z - +4 ring of protection
MPRegen 0.11/turn               e - ring of see invisible

@: berserking, very quick
A: sickness immunity, AC +6, negative energy resistance 1, electricity
resistance, torment resistance 1, petrification resistance
a: Renounce Religion, Berserk, Trog's Hand, Brothers in Arms


You were on level 7 of the Dungeon.
You worshipped Trog.
Trog was greatly pleased with you.
You visited 1 branch of the dungeon, and saw 7 of its levels.
You also visited: Ossuary.

You collected 286 gold pieces.

Inventory:

Hand Weapons
 a - a +0 mace
 f - a +3 quarterstaff of chaos (weapon)
 w - a +0 quarterstaff
 x - a +3 shortbow
 B - a +1 sling of flaming
 C - a +1 whip of venom
Missiles
 b - a boomerang
 d - 7 boomerangs of dispersal
 n - 33 poisoned darts (quivered)
 K - 2 curare-tipped darts
Armour
 p - a +2 pair of gloves of infusion (worn)
 v - a +0 leather armour (worn)
 D - a +0 pair of boots (worn)
 E - a +0 cloak
 F - a +2 cloak of stealth (worn)
Jewellery
 e - a ring of see invisible (right hand)
 k - a ring of positive energy
 y - a ring of protection from fire
 z - a +4 ring of protection (left hand)
Wands
 A - a wand of quicksilver (4)
 J - a wand of flame (6)
Scrolls
 c - 2 scrolls of noise {unknown}
 g - 6 scrolls of teleportation {unknown}
 l - a scroll of enchant weapon {unknown}
 m - a scroll of amnesia {unknown}
 o - a scroll of blinking {unknown}
 s - 3 scrolls of poison {unknown}
 t - a scroll of acquirement {unknown}
 G - 2 scrolls of enchant armour {unknown}
Potions
 h - 2 potions of invisibility
 i - 5 potions of flight
 j - 5 potions of might
 q - 2 potions of lignification
 r - 9 potions of curing
 u - 2 potions of resistance
 H - a potion of attraction
 I - 5 potions of mutation
 L - a potion of haste {unknown}


   Skills:
 + Level 5.8 Fighting
 + Level 7.4(7.7) Maces & Flails
 * Level 2.7(5.5) Staves
 + Level 1.0 Throwing
 * Level 6.1 Armour
 + Level 3.9 Dodging
 + Level 3.3 Stealth


You had 8 spell levels left.
You didn't know any spells.
Your spell library was empty.

Dungeon Overview and Level Annotations

Branches:
Dungeon (7/15)             Temple (0/1) D:4         Ossuary (visited)

Altars:
Cheibriados
Fedhas
Wu Jian
Yredelemnul
Zin

Shops:
D:1 [


Innate Abilities, Weirdness & Mutations

You are immune to sickness and miasma.
Your stone body is resilient. (AC +6)
You are immune to poison.
You resist negative energy. (rN+)
You are resistant to electric shocks. (rElec)
You are resistant to unholy torment.
You are immune to petrification.


Message History

Beogh smites you!
You barely miss the steam dragon.
You are engulfed in a cloud of scalding steam.
The steam dragon bites you but does no damage.
The steam dragon misses you.
You hit the steam dragon.
The steam dragon seems to speed up.
The steam dragon is moderately wounded.
The steam dragon breathes steam at you. The ball of steam misses you.
The steam dragon bites you but does no damage.
The steam dragon claws you but does no damage.
You sock the steam dragon!
The steam dragon is poisoned.
The steam dragon is severely wounded.
You are engulfed in a cloud of scalding steam.
The steam dragon bites you.
* * * LOW HITPOINT WARNING * * *
The steam dragon misses you.
The steam dragon bites you but does no damage.
The steam dragon barely misses you.
A red film seems to cover your vision as you go berserk!
You feel yourself moving faster!
You feel mighty!
You are engulfed in a cloud of scalding steam.
The orc priest calls down the wrath of Beogh upon you.
Beogh smites you!
* * * LOW HITPOINT WARNING * * *
The steam dragon bites you but does no damage.
The steam dragon closely misses you.
You sock the steam dragon! You freeze the steam dragon.
You kill the steam dragon!
Trog accepts your kill.
The steam dragon scales are intact enough to wear.
You are engulfed in a cloud of scalding steam.
You sock the orc!
You kill the orc!
Trog accepts your kill.
You are engulfed in a cloud of scalding steam.
* * * LOW HITPOINT WARNING * * *
A centaur comes into view.
The gnoll sergeant hits you from afar with a +0 spear!
You die...

.[# #.. #.# ..#
#:###.### #
#oc.D.... # #g#
#.# # #)# #.# #
#@# #.# ## #§#
#.# #.
#.###.####### #.
#...........# #.
#####.#####.# #.
###.#####[###...
#.............#.
#.####.##.##..#.
#.# #.##.##..##


You could see a gnoll sergeant, a centaur and an orc priest.

Vanquished Creatures
  Sigmund (D:5)
  A steam dragon (D:7)
  A black bear (D:6)
  A centaur (D:6)
  2 kobold brigands (D:4)
  A scorpion (D:4)
  2 necrophages
  4 water moccasin zombies (Ossuary)
  A howler monkey (D:5)
  A jelly (D:6)
  Crazy Yiuf (D:7)
  2 orc priests
  A hound (D:4)
  2 iguanas (D:6)
  Natasha (thrice) (D:4)
  Terence (D:3)
  6 orc wizards
  2 mummies (Ossuary)
  8 gnolls
  11 adders
  2 river rats (D:3)
  A shadow imp (D:6)
  A white imp (D:6)
  An ufetubus (D:7)
  5 adder zombies (Ossuary)
  A worm (D:3)
  5 dart slugs
  14 orcs
  8 bats
  2 endoplasms (D:1)
  9 giant cockroaches
  3 goblins
  12 hobgoblins
  6 jackals
  7 quokkas
  10 ball pythons
  5 frilled lizards
  5 gnoll zombies (Ossuary)
  7 hobgoblin zombies (Ossuary)
  30 kobolds
  5 kobold zombies (Ossuary)
  3 orc zombies (Ossuary)
  4 rats
198 creatures vanquished.

Vanquished Creatures (others)
  41 plants (D:4)
41 creatures vanquished.

Grand Total: 239 creatures vanquished

Notes
Turn   | Place    | Note
-------+----------+-------------------------------------------
     0 | D:1      | KittyFluff the Gargoyle Berserker began the quest for the
                  | Orb.
     0 | D:1      | Reached XP level 1. HP: 14/14 MP: 1/1
    44 | D:1      | Reached XP level 2. HP: 17/19 MP: 2/2
   299 | D:1      | Found a faded altar of an unknown god.
   328 | D:1      | Found Xiecuxis's Antique Armour Emporium.
   551 | D:1      | Reached XP level 3. HP: 23/24 MP: 3/3
   995 | D:2      | Reached ** piety under Trog
  1265 | D:2      | Reached XP level 4. HP: 28/29 MP: 4/4
  1373 | D:2      | You fall into a shaft and drop 1 floor!
  1538 | D:3      | Reached skill level 4 in Maces & Flails
  1895 | D:3      | Reached XP level 5. HP: 30/33 MP: 0/5
  1939 | D:3      | Noticed Terence
  1946 | D:3      | Killed Terence
  3057 | D:4      | Reached skill level 1 in Stealth
  3120 | D:4      | Reached XP level 6. HP: 38/38 MP: 1/6
  3291 | D:4      | Found a blossoming altar of Fedhas.
  3299 | D:4      | Found an ornate altar of the Wu Jian Council.
  3301 | D:4      | Found a basalt altar of Yredelemnul.
  3302 | D:4      | Found a glowing silver altar of Zin.
  3318 | D:4      | Found a snail-covered altar of Cheibriados.
  3346 | D:4      | Reached *** piety under Trog
  3386 | D:4      | Noticed Natasha
  3399 | D:4      | Killed Natasha
  3690 | D:4      | Reached skill level 5 in Maces & Flails
  3723 | D:4      | Noticed Natasha
  3731 | D:4      | Killed Natasha
  3756 | D:4      | Reached XP level 7. HP: 34/44 MP: 0/7
  3814 | D:4      | Noticed Natasha
  3830 | D:4      | Killed Natasha
  4158 | D:4      | Found a staircase to the Ecumenical Temple.
  5128 | D:5      | Entered Level 5 of the Dungeon
  5155 | D:5      | Noticed Sigmund
  5162 | D:5      | Killed Sigmund
  5163 | D:5      | Reached skill level 6 in Maces & Flails
  5253 | D:5      | Reached XP level 8. HP: 40/48 MP: 3/8
  5397 | D:5      | Found a sand-covered staircase.
  5401 | Ossuary  | Entered an ossuary
  5459 | Ossuary  | Reached skill level 1 in Throwing
  5460 | Ossuary  | Reached **** piety under Trog
  5461 | Ossuary  | Reached skill level 5 in Fighting
  5576 | Ossuary  | Reached skill level 5 in Armour
  6185 | D:6      | Reached skill level 7 in Maces & Flails
  6775 | D:6      | Reached skill level 1 in Staves
  7043 | D:7      | Reached XP level 9. HP: 51/54 MP: 3/9
  7255 | D:7      | Found a runed translucent door.
  7256 | D:7      | Noticed Crazy Yiuf
  7264 | D:7      | Killed Crazy Yiuf
  7514 | D:7      | Slain by a gnoll sergeant

Illustrated notes

Levels and vault maps discovered:
D:1:      dpeg_arrival_tiny_d, layout_basic, serial_shops, nicolae_diamond_shop,
          hellmonk_ecumenical_altar_dog_temple
D:2:      layout_basic, minmay_snake_closets
D:3:      layout_basic, gup_sewer_entry_bubbles, supply_closet_lemuel,
          minmay_stone_trees_small, minmay_cupped, uniq_terence
D:4:      kennysheep_kobold_camp, layout_loops_ring,
          nicolae_overflow_hallway_of_the_gods,
          minmay_temple_entry_statues_fountains, nrook_mini_vaults,
          mrwooster_statue_mirror, uniq_natasha
D:5:      layout_rooms, enter_ossuary_5, minivault_1, uniq_sigmund
D:6:      layout_loops_ring
D:7:      layout_loops_ring, st_stairs_3, nicolae_shop_overcharged_wands,
          uniq_crazy_yiuf_cottage

Skill      XL: |  1  2  3  4  5  6  7  8  9 |
---------------+----------------------------+-----
Dodging        | 2 3 |  3.9
Fighting       | 4 5 |  5.8
Maces & Flails | 4 5 6 7 |  7.4
Armour         | 3 4 5 6 |  6.1
Stealth        | 1 2 3 |  3.3
Throwing       | 1 |  1.0
Staves         | 1 2 |  2.7

Action                   |  1- 3 |  4- 6 |  7- 9 || total
-------------------------+-------+-------+-------++-------
Melee: Mace              |   141 |   227 |   302 ||   670
       Punch             |       |     2 |     5 ||     7
       Quarterstaff      |       |       |    72 ||    72
Throw: Dart              |       |       |     9 ||     9
Invok: Berserk           |       |     2 |     4 ||     6
  Use: Scroll            |       |     5 |     6 ||    11
 Stab: Sleeping          |       |     1 |     2 ||     3
Armor: Animal skin       |    69 |    99 |    51 ||   219
       Leather armour    |       |       |   115 ||   115
Dodge: Dodged            |   128 |   194 |   187 ||   509
